 Dungeon Crawl Stone Soup version 0.21.0-3-g78d12a8 (webtiles) character file.

563 Lanoc the Slasher (level 7, -2/60 HPs)
             Began as a Gnoll Chaos Knight on Jan 9, 2018.
             Slain by a gnoll
             ... wielding a +0 club
              (4 damage)
             ... on level 3 of the Dungeon.
             The game lasted 00:09:05 (2240 turns).

Lanoc the Slasher (Gnoll Chaos Knight)              Turns: 2240, Time: 00:09:06

Health: -2/60      AC:  9    Str: 14    XL:     7   Next: 32%
Magic:  10/10      EV: 13    Int: 15    God:    Xom [...*..]
Gold:   166        SH:  4    Dex: 18    Spells: 10/10 levels left

rFire    . . .     SeeInvis .   a - +0 falchion (chaos)
rCold    . . .     Gourm    .   (no shield)
rNeg     . . .     Faith    .   b - +2 leather armour
rPois    .         Spirit   .   (helmet restricted)
rElec    .         Reflect  .   j - +1 cloak
rCorr    .         Harm     .   (no gloves)
MR       .....                  (no boots)
Stlth    ++........             (no amulet)
HPRegen  0.20/turn              (no ring)
MPRegen  0.12/turn              (no ring)

@: drained
A: distributed training, fangs 1, horns 1, icy blue scales 1, large bone plates
1, agile 1, wild magic 2, strong nose
a: Renounce Religion


You were on level 3 of the Dungeon.
You worshipped Xom.
You were a favourite toy of Xom.
You were hungry.

You visited 1 branch of the dungeon, and saw 3 of its levels.

You collected 166 gold pieces.

Inventory:

Hand Weapons
 a - a +0 falchion of chaos (weapon)
Missiles
 e - 3 throwing nets (quivered)
 f - 47 arrows
 h - 47 sling bullets
 m - 37 bolts
Armour
 b - a +2 leather armour (worn)
 j - a +1 cloak (worn)
Scrolls
 d - 2 scrolls of magic mapping
 g - a scroll of teleportation
 k - a scroll of identify
 l - a scroll of enchant weapon {unknown}
 n - a scroll of remove curse {unknown}
 o - a scroll of blinking {unknown}
Potions
 i - a potion of curing {unknown}
 q - a potion of flight {unknown}
 r - a potion of invisibility {unknown}
 s - a potion of heal wounds {unknown}
Comestibles
 c - 7 rations
 p - 2 chunks of flesh


   Skills:
 + Level 7.0(6.9) Fighting
 + Level 2.3 Short Blades
 + Level 7.0(6.9) Long Blades
 + Level 2.3 Axes
 + Level 2.3 Maces & Flails
 + Level 2.3 Polearms
 + Level 2.3 Staves
 + Level 2.3 Slings
 + Level 2.3 Bows
 + Level 2.3 Crossbows
 + Level 2.3 Throwing
 + Level 5.2(5.1) Armour
 + Level 3.5(3.4) Dodging
 + Level 2.3 Stealth
 + Level 2.3 Shields
 + Level 2.3 Unarmed Combat
 + Level 2.3 Spellcasting
 + Level 1.9 Conjurations
 + Level 1.9 Hexes
 + Level 1.9 Charms
 + Level 1.9 Summonings
 + Level 1.9 Necromancy
 + Level 1.9 Translocations
 + Level 1.9 Transmutations
 + Level 1.9 Fire Magic
 + Level 1.9 Ice Magic
 + Level 1.9 Air Magic
 + Level 1.9 Earth Magic
 + Level 1.9 Poison Magic
 + Level 2.6(2.5) Invocations
 + Level 2.3 Evocations


You had 10 spell levels left.
You didn't know any spells.

Dungeon Overview and Level Annotations

Branches:
Dungeon (3/15)

Altars:


Innate Abilities, Weirdness & Mutations

Your experience applies equally to all skills.
You have very sharp teeth.
Your uncanny sense of smell can sniff out nearby items.
You have a pair of small horns on your head.
You are partially covered in icy blue scales. (AC +2)
You are partially covered in large bone plates. (SH +4)
You are agile. (Dex +2)
Your spells are harder to cast, but more powerful.


Message History

The gnoll shouts!
You hit something.
Nothing appears to happen.
The gnoll moves out of view.
You hit something.
Reactivating autopickup.
You feel a bit more experienced.
Items here: ))) †††† You hit the gnoll.
The gnoll is heavily wounded.
The gnoll hits you with a club.
* * * LOW HITPOINT WARNING * * *
You hit the gnoll. Your headbutt misses the gnoll.
You bite the gnoll, but do no damage.
The gnoll is heavily wounded.
The gnoll completely misses you.
You barely miss the gnoll.
You headbutt the gnoll, but do no damage.
The gnoll is heavily wounded.
The gnoll hits you with a club.
You die... "What!?
That's it?"

....≈≈≈.#......#.##.###....#∆**,*
....≈≈≈.###....#.#..÷.#....#,,,∆*
....≈≈≈.#.##''#########....#*****
.P..≈≈≈.#..........ggO#....#...,,
....≈≈≈.#....))...#8..'g.O.'...,,
....≈≈≈.#.##''##..#8.g'g...'...,,
....≈≈≈.###...)#.gg.gg#8..8#...,,
....≈≈≈.#..)..)##################
....≈≈###'#...)g@)†..).)).)......
....≈≈#...#######################
....≈≈#...#......................
....≈≈#####≈≈≈≈≈≈≈≈≈≈≈≈≈≈≈≈≈≈≈≈≈≈
....≈≈≈≈≈≈≈≈≈≈≈≈≈≈≈≈≈≈≈≈≈≈≈≈≈≈≈≈≈
....≈≈≈≈≈≈≈≈≈≈†≈≈≈≈≈≈≈≈≈≈≈≈≈≈≈≈≈≈
..............P................P.
......P..........................
#################################


You could see a gnoll.

Vanquished Creatures
  An ogre (D:3)
  An orc priest (D:3)
  A hound (D:3)
  21 gnolls (D:3)
  5 adders
  A worm (D:2)
  3 dart slugs
  2 leopard geckos
  5 orcs (D:3)
  2 ball pythons (D:2)
  A giant cockroach (D:2)
  3 goblins
  3 hobgoblins (D:1)
  16 jackals (D:3)
  A quokka (D:2)
  9 bats
  3 frilled lizards
  4 kobolds
  5 rats
87 creatures vanquished.

Vanquished Creatures (collateral kills)
  The ghost of komo4ek the Caller, an amateur DrSu (D:3)
  An orc priest (D:3)
  An orc (D:3)
3 creatures vanquished.

Grand Total: 90 creatures vanquished

Notes
Turn   | Place    | Note
-------+----------+-------------------------------------------
     0 | D:1      | Lanoc the Gnoll Chaos Knight began the quest for the Orb.
     0 | D:1      | Reached XP level 1. HP: 23/23 MP: 1/1
   140 | D:1      | XOM: divination: detect creatures
   142 | D:1      | Reached XP level 2. HP: 29/29 MP: 2/2
   467 | D:2      | XOM: give mutations
   467 | D:2      | Gained mutation: Your spells are a little harder to cast, but a little more powerful. [Xom's grace]
   467 | D:2      | Gained mutation: You have a pair of small horns on your head. [Xom's grace]
   487 | D:2      | Reached XP level 3. HP: 33/35 MP: 3/3
   740 | D:2      | Reached skill level 1 in Invocations
   895 | D:2      | XOM: give mutations
   895 | D:2      | Gained mutation: You are partially covered in icy blue scales. (AC +2) [Xom's grace]
   895 | D:2      | Gained mutation: Your spells are harder to cast, but more powerful. [Xom's grace]
   895 | D:2      | Gained mutation: You are partially covered in large bone plates. (SH +4) [Xom's grace]
   895 | D:2      | Gained mutation: You are agile. (Dex +2) [Xom's grace]
   900 | D:2      | XOM: god gift: 17 sling bullets
   906 | D:2      | Reached skill level 1 in Short Blades
   906 | D:2      | Reached skill level 1 in Axes
   906 | D:2      | Reached skill level 1 in Maces & Flails
   906 | D:2      | Reached skill level 1 in Polearms
   906 | D:2      | Reached skill level 1 in Staves
   906 | D:2      | Reached skill level 1 in Slings
   906 | D:2      | Reached skill level 1 in Bows
   906 | D:2      | Reached skill level 1 in Crossbows
   906 | D:2      | Reached skill level 1 in Throwing
   906 | D:2      | Reached skill level 1 in Stealth
   906 | D:2      | Reached skill level 1 in Shields
   906 | D:2      | Reached skill level 1 in Unarmed Combat
   906 | D:2      | Reached skill level 1 in Spellcasting
   906 | D:2      | Reached skill level 1 in Evocations
   928 | D:2      | Reached XP level 4. HP: 41/41 MP: 5/5
  1249 | D:3      | XOM: god gift: 43 gold pieces
  1301 | D:3      | Reached skill level 1 in Conjurations
  1301 | D:3      | Reached skill level 1 in Hexes
  1301 | D:3      | Reached skill level 1 in Charms
  1301 | D:3      | Reached skill level 1 in Summonings
  1301 | D:3      | Reached skill level 1 in Necromancy
  1301 | D:3      | Reached skill level 1 in Translocations
  1301 | D:3      | Reached skill level 1 in Transmutations
  1301 | D:3      | Reached skill level 1 in Fire Magic
  1301 | D:3      | Reached skill level 1 in Ice Magic
  1301 | D:3      | Reached skill level 1 in Air Magic
  1301 | D:3      | Reached skill level 1 in Earth Magic
  1301 | D:3      | Reached skill level 1 in Poison Magic
  1361 | D:3      | Reached XP level 5. HP: 45/47 MP: 6/6
  1389 | D:3      | XOM: 3-stop teleportation journey
  1599 | D:3      | XOM: cast spell 'Summon Hydra'
  1743 | D:3      | Noticed komo4ek's ghost (amateur DrSu)
  1754 | D:3      | XOM: confusion (+ monsters)
  1756 | D:3      | XOM: summons 2 friendly demons
  1759 | D:3      | Killed komo4ek's ghost
  1759 | D:3      | Reached XP level 6. HP: 46/53 MP: 8/8
  1812 | D:3      | XOM: draining
  1832 | D:3      | XOM: harmless Conj miscast
  1840 | D:3      | Reached skill level 5 in Armour
  1855 | D:3      | XOM: silly message
  2100 | D:3      | XOM: mild Summ miscast
  2101 | D:3      | Noticed a spatial vortex
  2191 | D:3      | XOM: noise
  2208 | D:3      | Reached XP level 7. HP: 43/59 MP: 10/10
  2238 | D:3      | HP: 2/60 [gnoll/club (5)]
  2240 | D:3      | Slain by a gnoll

Skill      XL: |  1  2  3  4  5  6  7 |
---------------+----------------------+-----
Invocations    | 1 2 |  2.6
Short Blades   | 1 2 |  2.3
Axes           | 1 2 |  2.3
Maces & Flails | 1 2 |  2.3
Polearms       | 1 2 |  2.3
Staves         | 1 2 |  2.3
Slings         | 1 2 |  2.3
Bows           | 1 2 |  2.3
Crossbows      | 1 2 |  2.3
Throwing       | 1 2 |  2.3
Stealth        | 1 2 |  2.3
Shields        | 1 2 |  2.3
Unarmed Combat | 1 2 |  2.3
Spellcasting   | 1 2 |  2.3
Evocations     | 1 2 |  2.3
Conjurations   | 1 |  1.9
Hexes          | 1 |  1.9
Charms         | 1 |  1.9
Summonings     | 1 |  1.9
Necromancy     | 1 |  1.9
Translocations | 1 |  1.9
Transmutations | 1 |  1.9
Fire Magic     | 1 |  1.9
Ice Magic      | 1 |  1.9
Air Magic      | 1 |  1.9
Earth Magic    | 1 |  1.9
Poison Magic   | 1 |  1.9
Dodging        | 3 |  3.5
Armour         | 5 |  5.2
Fighting       | 7 |  7.0
Long Blades    | 7 |  7.0

Action                   |  1- 3 |  4- 6 |  7- 9 || total
-------------------------+-------+-------+-------++-------
Melee: Falchion          |    63 |   133 |    30 ||   226
       Bite              |     8 |    17 |     4 ||    29
       Headbutt          |     4 |    36 |     7 ||    47
       Punch             |       |     1 |       ||     1
  Use: Scroll            |       |     3 |       ||     3
       Potion            |       |     1 |       ||     1
 Stab: Sleeping          |     3 |       |       ||     3
       Petrifying        |     1 |     1 |       ||     2
       Paralysed         |       |     1 |       ||     1
  Eat: Chunk             |       |     4 |       ||     4
Armor: Leather armour    |    20 |    48 |     5 ||    73
Dodge: Dodged            |    40 |    92 |    10 ||   142
Block: Other             |     2 |    30 |     3 ||    35
       Rpst.: Falchion   |    18 |    33 |     3 ||    54
